WCHLSIM.com - West Coast Hockey League
html PUBLIC "-//W3C//DTD XHTML 1.0 Transitional//EN" "http://www.w3.org/TR/xhtml1/DTD/xhtml1-transitional.dtd"> WCHL - Game 565 - TEXAS TOROS vs PORTLAND PIRATES

TEXAS TOROS vs PORTLAND PIRATES

Created - 1 février 2021 at 20:20

Goals
1 2 3 T
TEXAS TOROS 1 1 0 2
PORTLAND PIRATES 2 2 0 4
Shots
1 2 3 T
TEXAS TOROS 2 8 5 15
PORTLAND PIRATES 22 16 7 45

1st period

1. TEXAS TOROS , Conor Sheary 7 (Valtteri Filppula 9, Jake Virtanen 10) at 0:12
2. PORTLAND PIRATES , Rickard Rakell 8 (Brett Pesce 6, Pavel Zacha 10) at 5:03
3. PORTLAND PIRATES , Travis Konecny 11 (Jonathan Toews 27, Gabriel Landeskog 24) at 12:30 (PP)

Penalties :
Vince Dunn (TEX) for Slashing (Minor) at 0:33, Thomas Schemitsch (TEX) for Hooking (Minor) at 5:34, Braydon Coburn (TEX) for Boarding (Minor) at 12:10, Braydon Coburn (TEX) for Slashing (Minor) at 13:55, Thomas Schemitsch (TEX) for Hooking (Minor) at 19:35

2nd period

4. PORTLAND PIRATES , Jonathan Toews 18 (Thomas Chabot 13, Travis Konecny 14) at 2:41 (PP)
5. PORTLAND PIRATES , Travis Konecny 12 (Jason Dickinson 8) at 6:23
6. TEXAS TOROS , Denis Malgin 2 (Vince Dunn 4, Brock McGinn 6) at 11:35

Penalties :
Jake Virtanen (TEX) for Interference (Minor) at 2:25, Dale Weise (TEX) for Interference (Minor) at 3:38, Dale Weise (TEX) for Tripping (Minor) at 17:39

3rd period

No Goal

Penalties :
Braydon Coburn (TEX) for Tripping (Minor) at 9:57

Goalie Stats

Mikko Koskinen (TEX), 41 saves from 45 shots - (0,911), L, 5-17-1, 60:00 minutes
Jonathan Bernier (POR), 13 saves from 15 shots - (0,867), W, 8-7-2, 60:00 minutes

Players Stats for TEXAS TOROS

Player Name              G  A  P  +/- PIM S  H  SB GA TA FO     MP     PP MP  PK MP  
------------------------------------------------------------------------------------
Barrett Hayton           0  0  0   0  0   2  0  2  0  0  4/11   14:16   0:00   0:20 
Braydon Coburn           0  0  0   0  6   0  5  2  0  0  0/0    19:31   0:00   4:52 
Brock McGinn             0  1  1   0  0   2  0  2  0  0  0/0    19:04   0:00   6:41 
Conor Sheary             1  0  1   1  0   1  0  0  0  0  5/11   17:20   0:00   6:17 
Dale Weise               0  0  0   0  4   0  0  0  0  0  0/0    12:21   0:00   0:00 
Dante Fabbro             0  0  0  -1  0   0  0  3  0  0  0/0    15:32   0:00   1:06 
Denis Malgin             1  0  1   0  0   3  0  0  0  0  4/15   12:44   0:00   0:21 
Jake Virtanen            0  1  1   1  2   3  2  0  0  0  0/0    18:06   0:00   7:04 
Madison Bowey            0  0  0   1  0   1  0  1  0  0  0/0    23:10   0:00   6:47 
Mikey Eyssimont          0  0  0  -1  0   0  0  0  0  0  1/2     8:09   0:00   0:00 
Mikhail Vorobyev         0  0  0   0  0   0  0  0  0  0  0/0     0:17   0:00   0:00 
Morgan Klimchuk          0  0  0  -1  0   0  0  0  0  0  0/1     8:09   0:00   0:00 
Sven Baertschi           0  0  0   0  0   1  0  0  0  0  1/5    15:27   0:00   1:31 
Taylor Raddysh           0  0  0   0  0   0  0  0  0  0  0/0    14:10   0:00   0:00 
Thomas Schemitsch        0  0  0  -1  4   0  5  0  0  0  0/0    17:38   0:00   3:14 
Tyson Barrie             0  0  0   1  0   0  1  0  0  0  0/0    23:34   0:00   7:11 
Valtteri Filppula        0  1  1   0  0   1  0  1  0  0  15/30  25:39   0:00   6:44 
Vince Dunn               0  1  1   0  2   1  0  3  0  0  0/0    20:15   0:00   5:48 

Players Stats for PORTLAND PIRATES

Player Name              G  A  P  +/- PIM S  H  SB GA TA FO     MP     PP MP  PK MP  
------------------------------------------------------------------------------------
Adam Erne                0  0  0   0  0   0  0  0  0  0  0/1     6:54   0:49   0:00 
Alec Martinez            0  0  0  -1  0   1  1  2  0  0  0/0    15:22   0:00   0:00 
Brett Connolly           0  0  0   1  0   0  1  0  0  0  0/1    20:49   7:52   0:00 
Brett Pesce              0  1  1   1  0   0  1  1  0  0  0/0    16:49   0:00   0:00 
Brian Dumoulin           0  0  0   0  0   1  0  0  0  0  0/0    14:43   1:35   0:00 
Chandler Stephenson      0  0  0   0  0   1  0  0  0  0  8/13   13:32   1:10   0:00 
Gabriel Landeskog        0  1  1  -1  0   13 0  0  0  0  0/0    21:29   7:22   0:00 
Jason Dickinson          0  1  1   0  0   1  1  0  0  0  4/5     6:54   0:49   0:00 
Jonathan Toews           1  1  2  -1  0   5  2  0  0  0  18/25  21:29   7:22   0:00 
Pavel Zacha              0  1  1   1  0   1  0  0  0  0  13/22  19:15   6:18   0:00 
Rasmus Ristolainen       0  0  0   1  0   1  1  0  0  0  0/0    22:49   5:48   0:00 
Rickard Rakell           1  0  1   1  0   6  3  0  0  0  0/1    19:15   6:18   0:00 
Robert Thomas            0  0  0  -1  0   0  1  0  0  0  1/3    19:15   5:08   0:00 
Ryan Donato              0  0  0   0  0   1  0  0  0  0  1/1    18:13   5:51   0:00 
Thomas Chabot            0  1  1  -1  0   3  2  1  0  0  0/0    23:26   7:52   0:00 
Travis Konecny           2  1  3   0  0   5  1  0  0  0  0/3    14:16   8:11   0:00 
Trevor Daley             0  0  0   0  0   1  0  0  0  0  0/0    13:08   0:00   0:00 
Yanni Gourde             0  0  0   0  0   5  1  0  0  0  0/0    12:22   0:00   0:00 

3 Stars

1 - Travis Konecny (POR)
2 - Rickard Rakell (POR)
3 - Jonathan Toews (POR)

Power Play

TEXAS TOROS - 0 on 0 Attempt(s) - 0,00%
PORTLAND PIRATES - 2 on 9 Attempt(s) - 22,22%

Penalty Kill

TEXAS TOROS - 7 on 9 Attempt(s) - 77,78% - Score 0 goal in Penalty Kill
PORTLAND PIRATES - 0 on 0 Attempt(s) - 0,00% - Score 0 goal in Penalty Kill

Team Stat

TEXAS TOROS - Hits : 13 - Faceoff Wins : 30 - Blocked Shots : 14 - Penalty Minutes : 18
PORTLAND PIRATES - Hits : 15 - Faceoff Wins : 45 - Blocked Shots : 4 - Penalty Minutes : 0

Official

Referees : Graham Skilliter and Dave Lewis
Linesman : Jim Harper and Tyson Baker

Game Notes

No Game Note

Finance

Level 1 -- Attendance: 8000 (100,00%) -- Ticket Income 992 000 $
Level 2 -- Attendance: 6000 (100,00%) -- Ticket Income 564 000 $
Level 3 -- Attendance: 3000 (100,00%) -- Ticket Income 192 000 $
Level 4 -- Attendance: 4000 (100,00%) -- Ticket Income 216 000 $
Luxury Box -- Attendance: 1000 (100,00%) -- Ticket Income 259 000 $
Total Attendance: 22000 (100,00%)
Total Ticket Income: 2 223 000 $
Other Expense: 22 230 $
Total Income: 2 200 770 $

TEXAS TOROS

5 vs 5 Forward 
   Center                   Left Wing                Right Wing               Time % Phy DF OF 
 1 Valtteri Filppula        Conor Sheary             Jake Virtanen            36     1   2  2  
 2 Denis Malgin             Brock McGinn             Dale Weise               31     1   2  2  
 3 Barrett Hayton           Sven Baertschi           Taylor Raddysh           23     1   2  2  
 4 Mikey Eyssimont          Morgan Klimchuk          Valtteri Filppula        10     1   2  2  

5 vs 5 Defense 
   Defense                  Defense                                           Time % Phy DF OF 
 1 Tyson Barrie             Madison Bowey                                     36     1   2  2  
 2 Braydon Coburn           Vince Dunn                                        31     1   2  2  
 3 Dante Fabbro             Thomas Schemitsch                                 23     1   2  2  
 4 Tyson Barrie             Madison Bowey                                     10     1   2  2  

PowerPlay Forward 
   Center                   Left Wing                Right Wing               Time % Phy DF OF 
 1 Valtteri Filppula        Conor Sheary             Jake Virtanen            55     1   2  2  
 2 Denis Malgin             Brock McGinn             Dale Weise               45     1   2  2  

PowerPlay Defense
   Defense                  Defense                                           Time % Phy DF OF 
 1 Tyson Barrie             Madison Bowey                                     55     1   2  2  
 2 Braydon Coburn           Vince Dunn                                        45     1   2  2  

Penalty Kill 4 Players Forward 
   Center                   Wing                     Time % Phy DF OF 
 1 Valtteri Filppula        Jake Virtanen            55     1   2  2  
 2 Conor Sheary             Brock McGinn             45     1   2  2  

Penalty Kill 4 Players Defense
   Defense                  Defense                  Time % Phy DF OF 
 1 Tyson Barrie             Madison Bowey            55     1   2  2  
 2 Braydon Coburn           Vince Dunn               45     1   2  2  

Penalty Kill - 3 Players Forward 
   Forward                                           Time % Phy DF OF 
 1 Valtteri Filppula                                 55     1   2  2  
 2 Jake Virtanen                                     45     1   2  2  

Penalty Kill - 3 Players Defense
   Defense                  Defense                  Time % Phy DF OF 
 1 Tyson Barrie             Madison Bowey            55     1   2  2  
 2 Braydon Coburn           Vince Dunn               45     1   2  2  

4 vs 4 Forward 
   Center                   Wing                     Time % Phy DF OF 
 1 Valtteri Filppula        Jake Virtanen            55     1   2  2  
 2 Conor Sheary             Brock McGinn             45     1   2  2  

4 vs 4 Defense
   Defense                  Defense                  Time % Phy DF OF 
 1 Tyson Barrie             Madison Bowey            55     1   2  2  
 2 Braydon Coburn           Vince Dunn               45     1   2  2  

Last Minutes Offensive
   Center                   Left Wing                Right Wing               Defense                  Defense                  
   Valtteri Filppula        Conor Sheary             Jake Virtanen            Tyson Barrie             Madison Bowey            

Last Minutes Defensive
   Center                   Left Wing                Right Wing               Defense                  Defense                  
   Valtteri Filppula        Conor Sheary             Jake Virtanen            Tyson Barrie             Madison Bowey            

Goaltenders
Starting : Mikko Koskinen           
Backup : Cory Schneider           

Extra Forwards
Normal : Mikhail Vorobyev, Barrett Hayton, Sven Baertschi - PP : Mikhail Vorobyev, Barrett Hayton - PK : Sven Baertschi
Extra Defensemen
Normal : Dante Fabbro, Thomas Schemitsch, Braydon Coburn - PP : Dante Fabbro - PK : Thomas Schemitsch, Braydon Coburn
Penalty Shots
Valtteri Filppula, Jake Virtanen, Conor Sheary, Brock McGinn, Denis Malgin
Custom OT Lines Forwards
Valtteri Filppula, Jake Virtanen, Conor Sheary, Brock McGinn, Denis Malgin, Dale Weise, Barrett Hayton, Sven Baertschi, Morgan Klimchuk, Mikey Eyssimont
Custom OT Lines Defensemen
Tyson Barrie, Madison Bowey, Braydon Coburn, Vince Dunn, Dante Fabbro

Scratches
Aaron Ekblad (Sports Hernia Injury), Dmitry Kulikov (Separated Right Shoulder Injury), John Quenneville (Healthy), Mats Zuccarello (Suspend), Nazem Kadri (Healthy)
Taro Hirose (Groin Injury)

PORTLAND PIRATES

5 vs 5 Forward 
   Center                   Left Wing                Right Wing               Time % Phy DF OF 
 1 Jonathan Toews           Gabriel Landeskog        Robert Thomas            32     0   1  4  
 2 Pavel Zacha              Rickard Rakell           Brett Connolly           30     0   2  3  
 3 Chandler Stephenson      Ryan Donato              Yanni Gourde             30     0   2  3  
 4 Jason Dickinson          Travis Konecny           Adam Erne                8      1   2  2  

5 vs 5 Defense 
   Defense                  Defense                                           Time % Phy DF OF 
 1 Brett Pesce              Rasmus Ristolainen                                33     0   4  1  
 2 Alec Martinez            Thomas Chabot                                     33     0   4  1  
 3 Brian Dumoulin           Trevor Daley                                      28     0   4  1  
 4 Thomas Chabot            Rasmus Ristolainen                                6      0   3  2  

PowerPlay Forward 
   Center                   Left Wing                Right Wing               Time % Phy DF OF 
 1 Jonathan Toews           Gabriel Landeskog        Travis Konecny           60     0   1  4  
 2 Pavel Zacha              Rickard Rakell           Robert Thomas            40     0   1  4  

PowerPlay Defense
   Defense                  Defense                                           Time % Phy DF OF 
 1 Thomas Chabot            Brett Connolly                                    60     0   1  4  
 2 Rasmus Ristolainen       Ryan Donato                                       40     0   1  4  

Penalty Kill 4 Players Forward 
   Center                   Wing                     Time % Phy DF OF 
 1 Jason Dickinson          Chandler Stephenson      60     0   5  0  
 2 Rickard Rakell           Adam Erne                40     0   5  0  

Penalty Kill 4 Players Defense
   Defense                  Defense                  Time % Phy DF OF 
 1 Brett Pesce              Alec Martinez            60     0   5  0  
 2 Rasmus Ristolainen       Thomas Chabot            40     0   5  0  

Penalty Kill - 3 Players Forward 
   Forward                                           Time % Phy DF OF 
 1 Jason Dickinson                                   60     0   5  0  
 2 Chandler Stephenson                               40     0   5  0  

Penalty Kill - 3 Players Defense
   Defense                  Defense                  Time % Phy DF OF 
 1 Brett Pesce              Alec Martinez            60     0   5  0  
 2 Rasmus Ristolainen       Thomas Chabot            40     0   5  0  

4 vs 4 Forward 
   Center                   Wing                     Time % Phy DF OF 
 1 Jonathan Toews           Gabriel Landeskog        60     0   2  3  
 2 Pavel Zacha              Yanni Gourde             40     0   2  3  

4 vs 4 Defense
   Defense                  Defense                  Time % Phy DF OF 
 1 Thomas Chabot            Rasmus Ristolainen       60     0   2  3  
 2 Alec Martinez            Brett Pesce              40     0   3  2  

Last Minutes Offensive
   Center                   Left Wing                Right Wing               Defense                  Defense                  
   Jonathan Toews           Gabriel Landeskog        Rickard Rakell           Thomas Chabot            Rasmus Ristolainen       

Last Minutes Defensive
   Center                   Left Wing                Right Wing               Defense                  Defense                  
   Jason Dickinson          Chandler Stephenson      Rickard Rakell           Brett Pesce              Alec Martinez            

Goaltenders
Starting : Jonathan Bernier         
Backup : Ben Bishop               

Extra Forwards
Normal : Brett Connolly, Ryan Donato, Adam Erne - PP : Chandler Stephenson, Jason Dickinson - PK : Pavel Zacha
Extra Defensemen
Normal : Thomas Chabot, Alec Martinez, Brian Dumoulin - PP : Brian Dumoulin - PK : Brian Dumoulin, Thomas Chabot
Penalty Shots
Jonathan Toews, Gabriel Landeskog, Rickard Rakell, Robert Thomas, Jason Dickinson
Custom OT Lines Forwards
Jonathan Toews, Gabriel Landeskog, Rickard Rakell, Pavel Zacha, Yanni Gourde, Brett Connolly, Chandler Stephenson, Robert Thomas, Jason Dickinson, Ryan Donato
Custom OT Lines Defensemen
Thomas Chabot, Rasmus Ristolainen, Brett Pesce, Alec Martinez, Brian Dumoulin

Scratches
Travis Hamonic (Sprained Left Ankle Injury), Chris Driedger (Right Knee Injury)

% Time on Ice - TEXAS TOROS

Lines # - Real PCT - Wanted PCT - Time Play
Normal Forward
1 - 24% - 36% - 11:03
2 - 27% - 31% - 12:23
3 - 31% - 23% - 13:56
4 - 18% - 10% - 8:09
Normal Defense
1 - 33% - 36% - 15:14
2 - 32% - 31% - 14:28
3 - 32% - 23% - 14:26
4 - 3% - 10% - 1:23
PP Forward
1 - 0% - 55%
2 - 0% - 45%
PP Defense
1 - 0% - 55%
2 - 0% - 45%
PK Forward
1 - 53% - 55% - 7:42
2 - 47% - 45% - 6:47
PK Defense
1 - 45% - 55% - 6:30
2 - 55% - 45% - 7:59
PK3 Forward
1 - 0% - 55%
2 - 0% - 45%
PK3 Defense
1 - 0% - 55%
2 - 0% - 45%
44 Forward
1 - 0% - 55%
2 - 0% - 45%
44 Defense
1 - 0% - 55%
2 - 0% - 45%
Last Minute Offensive  - 0:00
Last Minute Defensive  - 0:00
Total
Forward - 60:00
Defense - 60:00

% Time on Ice - PORTLAND PIRATES

Lines # - Real PCT - Wanted PCT - Time Play
Normal Forward
1 - 31% - 32% - 14:07
2 - 28% - 30% - 12:57
3 - 27% - 30% - 12:22
4 - 13% - 8% - 6:05
Normal Defense
1 - 37% - 33% - 16:49
2 - 34% - 33% - 15:22
3 - 29% - 28% - 13:08
4 - 0% - 6% - 0:12
PP Forward
1 - 57% - 60% - 8:11
2 - 43% - 40% - 6:18
PP Defense
1 - 54% - 60% - 7:52
2 - 46% - 40% - 6:37
PK Forward
1 - 0% - 60%
2 - 0% - 40%
PK Defense
1 - 0% - 60%
2 - 0% - 40%
PK3 Forward
1 - 0% - 60%
2 - 0% - 40%
PK3 Defense
1 - 0% - 60%
2 - 0% - 40%
44 Forward
1 - 0% - 60%
2 - 0% - 40%
44 Defense
1 - 0% - 60%
2 - 0% - 40%
Last Minute Offensive  - 0:00
Last Minute Defensive  - 0:00
Total
Forward - 60:00
Defense - 60:00

Play-by-Play

1st period


0:01 of 1st period - Valtteri Filppula wins face-off versus Robert Thomas in neutral zone.
0:12 of 1st period - Shot by Conor Sheary.
0:12 of 1st period - Goal by Conor Sheary - TEXAS TOROS : 1 - PORTLAND PIRATES : 0.
0:13 of 1st period - Denis Malgin wins face-off versus Pavel Zacha in neutral zone.
0:33 of 1st period - Minor Penalty to Vince Dunn for Slashing.
0:34 of 1st period - Jonathan Toews wins face-off versus Valtteri Filppula in TEXAS TOROS zone.
0:42 of 1st period - Icing by Ryan Donato.
0:43 of 1st period - Jonathan Toews wins face-off versus Valtteri Filppula in PORTLAND PIRATES zone.
0:54 of 1st period - Shot by Gabriel Landeskog.
0:54 of 1st period - Shot Misses the Net.
0:58 of 1st period - Shot by Gabriel Landeskog.
0:58 of 1st period - Stopped by Mikko Koskinen without a rebound.
0:59 of 1st period - Conor Sheary wins face-off versus Pavel Zacha in TEXAS TOROS zone.
1:31 of 1st period - Shot by Thomas Chabot.
1:31 of 1st period - Stopped by Mikko Koskinen without a rebound.
1:32 of 1st period - Valtteri Filppula wins face-off versus Jonathan Toews in TEXAS TOROS zone.
2:07 of 1st period - Shot by Gabriel Landeskog.
2:07 of 1st period - Stopped by Mikko Koskinen without a rebound.
2:08 of 1st period - Pavel Zacha wins face-off versus Conor Sheary in TEXAS TOROS zone.
2:31 of 1st period - Shot by Pavel Zacha.
2:31 of 1st period - Shot Misses the Net.
2:47 of 1st period - Dante Fabbro is hit by Jason Dickinson and loses puck.
2:56 of 1st period - Shot by Adam Erne.
2:56 of 1st period - Shot Misses the Net.
3:12 of 1st period - Shot by Jason Dickinson.
3:12 of 1st period - Shot Misses the Net.
3:44 of 1st period - Shot by Chandler Stephenson.
3:44 of 1st period - Deflect By Yanni Gourde.
3:44 of 1st period - Stopped by Mikko Koskinen without a rebound.
3:45 of 1st period - Jonathan Toews wins face-off versus Denis Malgin in TEXAS TOROS zone.
4:53 of 1st period - Pavel Zacha is hit by Braydon Coburn.
4:57 of 1st period - Shot by Pavel Zacha.
4:57 of 1st period - Shot Misses the Net.
5:01 of 1st period - Shot by Rickard Rakell.
5:01 of 1st period - Shot Blocked by Brock McGinn.
5:03 of 1st period - Shot by Rickard Rakell.
5:03 of 1st period - Goal by Rickard Rakell - TEXAS TOROS : 1 - PORTLAND PIRATES : 1.
5:04 of 1st period - Chandler Stephenson wins face-off versus Valtteri Filppula in neutral zone.
5:19 of 1st period - Shot by Yanni Gourde.
5:19 of 1st period - Stopped by Mikko Koskinen with a rebound.
5:21 of 1st period - Shot by Chandler Stephenson.
5:21 of 1st period - Shot Misses the Net.
5:23 of 1st period - Shot by Brian Dumoulin.
5:23 of 1st period - Shot Misses the Net.
5:27 of 1st period - Shot by Ryan Donato.
5:27 of 1st period - Shot Misses the Net.
5:29 of 1st period - Shot by Trevor Daley.
5:29 of 1st period - Stopped by Mikko Koskinen with a rebound.
5:31 of 1st period - Shot by Brian Dumoulin.
5:31 of 1st period - Stopped by Mikko Koskinen without a rebound.
5:32 of 1st period - Pavel Zacha wins face-off versus Barrett Hayton in TEXAS TOROS zone.
5:34 of 1st period - Minor Penalty to Thomas Schemitsch for Hooking.
5:35 of 1st period - Jonathan Toews wins face-off versus Valtteri Filppula in TEXAS TOROS zone.
5:54 of 1st period - Shot by Gabriel Landeskog.
5:54 of 1st period - Stopped by Mikko Koskinen with a rebound.
5:56 of 1st period - Shot by Gabriel Landeskog.
5:56 of 1st period - Stopped by Mikko Koskinen without a rebound.
5:57 of 1st period - Pavel Zacha wins face-off versus Valtteri Filppula in TEXAS TOROS zone.
5:57 of 1st period - Pavel Zacha is hit by Tyson Barrie.
7:23 of 1st period - Shot by Brett Connolly.
7:23 of 1st period - Shot Misses the Net.
7:25 of 1st period - Shot by Gabriel Landeskog.
7:25 of 1st period - Stopped by Mikko Koskinen without a rebound.
7:26 of 1st period - Conor Sheary wins face-off versus Robert Thomas in TEXAS TOROS zone.
7:26 of 1st period - Conor Sheary is hit by Rickard Rakell.
7:44 of 1st period - Icing by Dante Fabbro.
7:45 of 1st period - Chandler Stephenson wins face-off versus Sven Baertschi in TEXAS TOROS zone.
9:01 of 1st period - Tyson Barrie is hit by Thomas Chabot and loses puck.
9:46 of 1st period - Shot by Gabriel Landeskog.
9:46 of 1st period - Stopped by Mikko Koskinen without a rebound.
9:47 of 1st period - Jason Dickinson wins face-off versus Denis Malgin in TEXAS TOROS zone.
10:16 of 1st period - Shot by Jason Dickinson.
10:16 of 1st period - Stopped by Mikko Koskinen without a rebound.
10:17 of 1st period - Jonathan Toews wins face-off versus Valtteri Filppula in TEXAS TOROS zone.
10:22 of 1st period - Shot by Gabriel Landeskog.
10:22 of 1st period - Shot Misses the Net.
10:24 of 1st period - Shot by Jonathan Toews.
10:24 of 1st period - Shot Misses the Net.
10:30 of 1st period - Shot by Gabriel Landeskog.
10:30 of 1st period - Stopped by Mikko Koskinen without a rebound.
10:31 of 1st period - Chandler Stephenson wins face-off versus Barrett Hayton in TEXAS TOROS zone.
10:36 of 1st period - Shot by Yanni Gourde.
10:36 of 1st period - Shot Misses the Net.
10:40 of 1st period - Shot by Ryan Donato.
10:40 of 1st period - Shot Blocked by Barrett Hayton.
10:42 of 1st period - Shot by Chandler Stephenson.
10:42 of 1st period - Deflect By Yanni Gourde.
10:42 of 1st period - Stopped by Mikko Koskinen with a rebound.
10:52 of 1st period - Shot by Barrett Hayton.
10:52 of 1st period - Stopped by Jonathan Bernier without a rebound.
10:53 of 1st period - Jonathan Toews wins face-off versus Denis Malgin in PORTLAND PIRATES zone.
12:10 of 1st period - Minor Penalty to Braydon Coburn for Boarding.
12:11 of 1st period - Valtteri Filppula wins face-off versus Travis Konecny in TEXAS TOROS zone.
12:30 of 1st period - Shot by Travis Konecny.
12:30 of 1st period - Goal by Travis Konecny - TEXAS TOROS : 1 - PORTLAND PIRATES : 2.
12:31 of 1st period - Pavel Zacha wins face-off versus Barrett Hayton in neutral zone.
12:52 of 1st period - Shot by Rickard Rakell.
12:52 of 1st period - Stopped by Mikko Koskinen without a rebound.
12:53 of 1st period - Chandler Stephenson wins face-off versus Conor Sheary in TEXAS TOROS zone.
12:59 of 1st period - Conor Sheary is hit by Thomas Chabot and loses puck.
13:09 of 1st period - Chandler Stephenson is hit by Braydon Coburn and loses puck.
13:44 of 1st period - Valtteri Filppula is hit by Jonathan Toews and loses puck.
13:55 of 1st period - Minor Penalty to Braydon Coburn for Slashing.
13:56 of 1st period - Jonathan Toews wins face-off versus Sven Baertschi in TEXAS TOROS zone.
14:25 of 1st period - Shot by Travis Konecny.
14:25 of 1st period - Stopped by Mikko Koskinen without a rebound.
14:26 of 1st period - Valtteri Filppula wins face-off versus Pavel Zacha in TEXAS TOROS zone.
15:19 of 1st period - Conor Sheary is hit by Travis Konecny and loses puck.
15:38 of 1st period - Shot by Jonathan Toews.
15:38 of 1st period - Stopped by Mikko Koskinen without a rebound.
15:39 of 1st period - Jonathan Toews wins face-off versus Conor Sheary in TEXAS TOROS zone.
16:14 of 1st period - Shot by Travis Konecny.
16:14 of 1st period - Stopped by Mikko Koskinen without a rebound.
16:15 of 1st period - Denis Malgin wins face-off versus Brett Connolly in TEXAS TOROS zone.
16:56 of 1st period - Barrett Hayton is hit by Rickard Rakell and loses puck.
17:03 of 1st period - Sven Baertschi is hit by Brett Connolly and loses puck.
17:48 of 1st period - Jonathan Toews is hit by Thomas Schemitsch and loses puck.
17:55 of 1st period - Shot by Gabriel Landeskog.
17:55 of 1st period - Stopped by Mikko Koskinen with a rebound.
18:10 of 1st period - Gabriel Landeskog is hit by Thomas Schemitsch and loses puck.
18:16 of 1st period - Jonathan Toews is hit by Thomas Schemitsch and loses puck.
18:58 of 1st period - Yanni Gourde is hit by Thomas Schemitsch and loses puck.
19:07 of 1st period - Shot by Ryan Donato.
19:07 of 1st period - Shot Misses the Net.
19:09 of 1st period - Shot by Chandler Stephenson.
19:09 of 1st period - Shot Blocked by Dante Fabbro.
19:35 of 1st period - Minor Penalty to Thomas Schemitsch for Hooking.
19:36 of 1st period - Jonathan Toews wins face-off versus Conor Sheary in TEXAS TOROS zone.
19:59 of 1st period - Shot by Jonathan Toews.
19:59 of 1st period - Stopped by Mikko Koskinen without a rebound.
Goals for this period are 1 for TEXAS TOROS vs 2 for PORTLAND PIRATES.
Shots for this period are 2 for TEXAS TOROS vs 22 for PORTLAND PIRATES.

2nd period


0:01 of 2nd period - Jonathan Toews wins face-off versus Valtteri Filppula in neutral zone.
0:15 of 2nd period - Shot by Gabriel Landeskog.
0:15 of 2nd period - Shot Blocked by Valtteri Filppula.
0:23 of 2nd period - Shot by Jonathan Toews.
0:23 of 2nd period - Stopped by Mikko Koskinen without a rebound.
0:24 of 2nd period - Valtteri Filppula wins face-off versus Pavel Zacha in TEXAS TOROS zone.
0:42 of 2nd period - Icing by Pavel Zacha.
0:43 of 2nd period - Pavel Zacha wins face-off versus Valtteri Filppula in PORTLAND PIRATES zone.
0:43 of 2nd period - Pavel Zacha is hit by Jake Virtanen.
0:57 of 2nd period - Shot by Rickard Rakell.
0:57 of 2nd period - Stopped by Mikko Koskinen without a rebound.
0:58 of 2nd period - Conor Sheary wins face-off versus Travis Konecny in TEXAS TOROS zone.
1:40 of 2nd period - Icing by Denis Malgin.
1:41 of 2nd period - Chandler Stephenson wins face-off versus Denis Malgin in TEXAS TOROS zone.
2:03 of 2nd period - Shot by Dale Weise.
2:03 of 2nd period - Shot Hit the Post.
2:08 of 2nd period - Off-side.
2:09 of 2nd period - Jonathan Toews wins face-off versus Barrett Hayton in neutral zone.
2:18 of 2nd period - Shot by Gabriel Landeskog.
2:18 of 2nd period - Stopped by Mikko Koskinen without a rebound.
2:19 of 2nd period - Valtteri Filppula wins face-off versus Pavel Zacha in TEXAS TOROS zone.
2:24 of 2nd period - Shot by Jake Virtanen.
2:24 of 2nd period - Shot Blocked by Thomas Chabot.
2:25 of 2nd period - Minor Penalty to Jake Virtanen for Interference.
2:26 of 2nd period - Jonathan Toews wins face-off versus Valtteri Filppula in TEXAS TOROS zone.
2:31 of 2nd period - Shot by Gabriel Landeskog.
2:31 of 2nd period - Shot Misses the Net.
2:33 of 2nd period - Shot by Gabriel Landeskog.
2:33 of 2nd period - Shot Misses the Net.
2:35 of 2nd period - Shot by Jonathan Toews.
2:35 of 2nd period - Deflect By Travis Konecny.
2:35 of 2nd period - Stopped by Mikko Koskinen with a rebound.
2:37 of 2nd period - Shot by Travis Konecny.
2:37 of 2nd period - Shot Blocked by Vince Dunn.
2:39 of 2nd period - Shot by Thomas Chabot.
2:39 of 2nd period - Shot Misses the Net.
2:41 of 2nd period - Shot by Jonathan Toews.
2:41 of 2nd period - Goal by Jonathan Toews - TEXAS TOROS : 1 - PORTLAND PIRATES : 3.
2:42 of 2nd period - Chandler Stephenson wins face-off versus Denis Malgin in neutral zone.
2:49 of 2nd period - Shot by Chandler Stephenson.
2:49 of 2nd period - Stopped by Mikko Koskinen without a rebound.
2:50 of 2nd period - Valtteri Filppula wins face-off versus Jonathan Toews in TEXAS TOROS zone.
3:04 of 2nd period - Shot by Gabriel Landeskog.
3:04 of 2nd period - Shot Misses the Net.
3:18 of 2nd period - Shot by Gabriel Landeskog.
3:18 of 2nd period - Stopped by Mikko Koskinen without a rebound.
3:19 of 2nd period - Denis Malgin wins face-off versus Chandler Stephenson in TEXAS TOROS zone.
3:38 of 2nd period - Minor Penalty to Dale Weise for Interference.
3:39 of 2nd period - Valtteri Filppula wins face-off versus Jonathan Toews in TEXAS TOROS zone.
3:52 of 2nd period - Shot by Jonathan Toews.
3:52 of 2nd period - Stopped by Mikko Koskinen without a rebound.
3:53 of 2nd period - Conor Sheary wins face-off versus Pavel Zacha in TEXAS TOROS zone.
4:07 of 2nd period - Icing by Rickard Rakell.
4:08 of 2nd period - Pavel Zacha wins face-off versus Valtteri Filppula in PORTLAND PIRATES zone.
4:17 of 2nd period - Shot by Rasmus Ristolainen.
4:17 of 2nd period - Shot Misses the Net.
4:19 of 2nd period - Shot by Ryan Donato.
4:19 of 2nd period - Stopped by Mikko Koskinen with a rebound.
4:21 of 2nd period - Shot by Rickard Rakell.
4:21 of 2nd period - Shot Blocked by Braydon Coburn.
4:23 of 2nd period - Shot by Rasmus Ristolainen.
4:23 of 2nd period - Stopped by Mikko Koskinen without a rebound.
4:24 of 2nd period - Conor Sheary wins face-off versus Jonathan Toews in TEXAS TOROS zone.
4:24 of 2nd period - Conor Sheary is hit by Jonathan Toews.
4:34 of 2nd period - Shot by Gabriel Landeskog.
4:34 of 2nd period - Stopped by Mikko Koskinen with a rebound.
5:26 of 2nd period - Shot by Rickard Rakell.
5:26 of 2nd period - Shot Misses the Net.
5:28 of 2nd period - Shot by Pavel Zacha.
5:28 of 2nd period - Shot Misses the Net.
5:30 of 2nd period - Shot by Rasmus Ristolainen.
5:30 of 2nd period - Shot Misses the Net.
5:32 of 2nd period - Shot by Ryan Donato.
5:32 of 2nd period - Shot Misses the Net.
5:35 of 2nd period - Pavel Zacha is hit by Braydon Coburn and loses puck.
5:50 of 2nd period - Shot by Yanni Gourde.
5:50 of 2nd period - Shot Blocked by Madison Bowey.
6:05 of 2nd period - Shot by Sven Baertschi.
6:05 of 2nd period - Shot Misses the Net.
6:07 of 2nd period - Shot by Madison Bowey.
6:07 of 2nd period - Stopped by Jonathan Bernier without a rebound.
6:08 of 2nd period - Jason Dickinson wins face-off versus Mikey Eyssimont in PORTLAND PIRATES zone.
6:23 of 2nd period - Shot by Travis Konecny.
6:23 of 2nd period - Goal by Travis Konecny - TEXAS TOROS : 1 - PORTLAND PIRATES : 4.
6:24 of 2nd period - Jonathan Toews wins face-off versus Morgan Klimchuk in neutral zone.
6:49 of 2nd period - Shot by Gabriel Landeskog.
6:49 of 2nd period - Stopped by Mikko Koskinen without a rebound.
6:50 of 2nd period - Pavel Zacha wins face-off versus Barrett Hayton in TEXAS TOROS zone.
7:16 of 2nd period - Shot by Pavel Zacha.
7:16 of 2nd period - Stopped by Mikko Koskinen without a rebound.
7:17 of 2nd period - Valtteri Filppula wins face-off versus Jonathan Toews in TEXAS TOROS zone.
7:21 of 2nd period - Icing by Conor Sheary.
7:22 of 2nd period - Jonathan Toews wins face-off versus Valtteri Filppula in TEXAS TOROS zone.
8:51 of 2nd period - Shot by Denis Malgin.
8:51 of 2nd period - Stopped by Jonathan Bernier without a rebound.
8:52 of 2nd period - Barrett Hayton wins face-off versus Chandler Stephenson in PORTLAND PIRATES zone.
8:55 of 2nd period - Shot by Sven Baertschi.
8:55 of 2nd period - Shot Misses the Net.
9:03 of 2nd period - Sven Baertschi is hit by Yanni Gourde and loses puck.
10:47 of 2nd period - Shot by Jake Virtanen.
10:47 of 2nd period - Shot Blocked by Alec Martinez.
10:59 of 2nd period - Icing by Travis Konecny.
11:00 of 2nd period - Jason Dickinson wins face-off versus Denis Malgin in PORTLAND PIRATES zone.
11:09 of 2nd period - Shot by Adam Erne.
11:09 of 2nd period - Shot Blocked by Braydon Coburn.
11:17 of 2nd period - Shot by Denis Malgin.
11:17 of 2nd period - Shot Misses the Net.
11:19 of 2nd period - Shot by Denis Malgin.
11:19 of 2nd period - Shot Misses the Net.
11:27 of 2nd period - Shot by Brock McGinn.
11:27 of 2nd period - Stopped by Jonathan Bernier with a rebound.
11:29 of 2nd period - Shot by Vince Dunn.
11:29 of 2nd period - Stopped by Jonathan Bernier with a rebound.
11:31 of 2nd period - Shot by Denis Malgin.
11:31 of 2nd period - Shot Misses the Net.
11:35 of 2nd period - Shot by Denis Malgin.
11:35 of 2nd period - Goal by Denis Malgin - TEXAS TOROS : 2 - PORTLAND PIRATES : 4.
11:36 of 2nd period - Robert Thomas wins face-off versus Valtteri Filppula in neutral zone.
11:50 of 2nd period - Shot by Gabriel Landeskog.
11:50 of 2nd period - Shot Misses the Net.
13:10 of 2nd period - Icing by Braydon Coburn.
13:11 of 2nd period - Denis Malgin wins face-off versus Pavel Zacha in TEXAS TOROS zone.
13:19 of 2nd period - Shot by Denis Malgin.
13:19 of 2nd period - Shot Blocked by Alec Martinez.
13:32 of 2nd period - Shot by Denis Malgin.
13:32 of 2nd period - Stopped by Jonathan Bernier without a rebound.
13:33 of 2nd period - Barrett Hayton wins face-off versus Travis Konecny in PORTLAND PIRATES zone.
13:46 of 2nd period - Off-side.
13:47 of 2nd period - Jonathan Toews wins face-off versus Denis Malgin in neutral zone.
13:52 of 2nd period - Shot by Gabriel Landeskog.
13:52 of 2nd period - Stopped by Mikko Koskinen without a rebound.
13:53 of 2nd period - Pavel Zacha wins face-off versus Denis Malgin in TEXAS TOROS zone.
14:15 of 2nd period - Shot by Brett Connolly.
14:15 of 2nd period - Shot Misses the Net.
14:43 of 2nd period - Icing by Brian Dumoulin.
14:44 of 2nd period - Pavel Zacha wins face-off versus Barrett Hayton in PORTLAND PIRATES zone.
15:06 of 2nd period - Shot by Barrett Hayton.
15:06 of 2nd period - Stopped by Jonathan Bernier with a rebound.
15:45 of 2nd period - Shot by Conor Sheary.
15:45 of 2nd period - Shot Misses the Net.
15:47 of 2nd period - Shot by Valtteri Filppula.
15:47 of 2nd period - Shot Misses the Net.
15:53 of 2nd period - Shot by Valtteri Filppula.
15:53 of 2nd period - Shot Misses the Net.
15:55 of 2nd period - Shot by Dante Fabbro.
15:55 of 2nd period - Shot Misses the Net.
16:00 of 2nd period - Valtteri Filppula is hit by Brett Pesce.
16:18 of 2nd period - Icing by Rasmus Ristolainen.
16:19 of 2nd period - Jonathan Toews wins face-off versus Denis Malgin in PORTLAND PIRATES zone.
16:32 of 2nd period - Icing by Rasmus Ristolainen.
16:33 of 2nd period - Mikey Eyssimont wins face-off versus Jonathan Toews in PORTLAND PIRATES zone.
17:12 of 2nd period - Madison Bowey is hit by Robert Thomas.
17:39 of 2nd period - Minor Penalty to Dale Weise for Tripping.
17:40 of 2nd period - Chandler Stephenson wins face-off versus Conor Sheary in TEXAS TOROS zone.
17:47 of 2nd period - Shot by Rickard Rakell.
17:47 of 2nd period - Shot Misses the Net.
17:49 of 2nd period - Shot by Pavel Zacha.
17:49 of 2nd period - Shot Misses the Net.
17:51 of 2nd period - Shot by Pavel Zacha.
17:51 of 2nd period - Shot Blocked by Brock McGinn.
17:53 of 2nd period - Shot by Rickard Rakell.
17:53 of 2nd period - Shot Blocked by Vince Dunn.
17:55 of 2nd period - Shot by Thomas Chabot.
17:55 of 2nd period - Stopped by Mikko Koskinen without a rebound.
17:56 of 2nd period - Sven Baertschi wins face-off versus Pavel Zacha in TEXAS TOROS zone.
18:09 of 2nd period - Shot by Conor Sheary.
18:09 of 2nd period - Deflect By Brock McGinn.
18:09 of 2nd period - Stopped by Jonathan Bernier without a rebound.
18:10 of 2nd period - Valtteri Filppula wins face-off versus Rickard Rakell in PORTLAND PIRATES zone.
19:06 of 2nd period - Icing by Travis Konecny.
19:07 of 2nd period - Valtteri Filppula wins face-off versus Jason Dickinson in PORTLAND PIRATES zone.
Goals for this period are 1 for TEXAS TOROS vs 2 for PORTLAND PIRATES.
Shots for this period are 8 for TEXAS TOROS vs 16 for PORTLAND PIRATES.

3rd period


0:01 of 3rd period - Ryan Donato wins face-off versus Valtteri Filppula in neutral zone.
0:16 of 3rd period - Shot by Yanni Gourde.
0:16 of 3rd period - Shot Misses the Net.
0:18 of 3rd period - Shot by Chandler Stephenson.
0:18 of 3rd period - Shot Misses the Net.
2:38 of 3rd period - Shot by Valtteri Filppula.
2:38 of 3rd period - Stopped by Jonathan Bernier with a rebound.
2:52 of 3rd period - Shot by Valtteri Filppula.
2:52 of 3rd period - Shot Blocked by Brett Pesce.
3:35 of 3rd period - Shot by Yanni Gourde.
3:35 of 3rd period - Shot Misses the Net.
3:37 of 3rd period - Shot by Yanni Gourde.
3:37 of 3rd period - Stopped by Mikko Koskinen with a rebound.
3:50 of 3rd period - Ryan Donato is hit by Braydon Coburn and loses puck.
5:06 of 3rd period - Shot by Rickard Rakell.
5:06 of 3rd period - Stopped by Mikko Koskinen without a rebound.
5:07 of 3rd period - Barrett Hayton wins face-off versus Pavel Zacha in TEXAS TOROS zone.
5:18 of 3rd period - Madison Bowey is hit by Alec Martinez and loses puck.
5:25 of 3rd period - Shot by Sven Baertschi.
5:25 of 3rd period - Stopped by Jonathan Bernier without a rebound.
5:26 of 3rd period - Jonathan Toews wins face-off versus Barrett Hayton in PORTLAND PIRATES zone.
5:50 of 3rd period - Shot by Gabriel Landeskog.
5:50 of 3rd period - Shot Misses the Net.
6:45 of 3rd period - Shot by Yanni Gourde.
6:45 of 3rd period - Shot Misses the Net.
7:49 of 3rd period - Icing by Yanni Gourde.
7:50 of 3rd period - Valtteri Filppula wins face-off versus Chandler Stephenson in PORTLAND PIRATES zone.
8:21 of 3rd period - Madison Bowey is hit by Rickard Rakell and loses puck.
8:38 of 3rd period - Shot by Pavel Zacha.
8:38 of 3rd period - Shot Misses the Net.
9:41 of 3rd period - Jonathan Toews is hit by Braydon Coburn and loses puck.
9:57 of 3rd period - Minor Penalty to Braydon Coburn for Tripping.
9:58 of 3rd period - Pavel Zacha wins face-off versus Conor Sheary in TEXAS TOROS zone.
10:17 of 3rd period - Shot by Rickard Rakell.
10:17 of 3rd period - Shot Blocked by Vince Dunn.
10:19 of 3rd period - Shot by Rickard Rakell.
10:19 of 3rd period - Deflect By Pavel Zacha.
10:19 of 3rd period - Shot Misses the Net.
10:25 of 3rd period - Shot by Thomas Chabot.
10:25 of 3rd period - Stopped by Mikko Koskinen without a rebound.
10:26 of 3rd period - Jonathan Toews wins face-off versus Sven Baertschi in TEXAS TOROS zone.
12:12 of 3rd period - Icing by Barrett Hayton.
12:13 of 3rd period - Jason Dickinson wins face-off versus Sven Baertschi in TEXAS TOROS zone.
12:20 of 3rd period - Shot by Travis Konecny.
12:20 of 3rd period - Shot Misses the Net.
13:43 of 3rd period - Icing by Vince Dunn.
13:44 of 3rd period - Barrett Hayton wins face-off versus Chandler Stephenson in TEXAS TOROS zone.
14:05 of 3rd period - Shot by Yanni Gourde.
14:05 of 3rd period - Shot Blocked by Barrett Hayton.
14:11 of 3rd period - Shot by Yanni Gourde.
14:11 of 3rd period - Stopped by Mikko Koskinen without a rebound.
14:12 of 3rd period - Valtteri Filppula wins face-off versus Jonathan Toews in TEXAS TOROS zone.
14:55 of 3rd period - Icing by Conor Sheary.
14:56 of 3rd period - Pavel Zacha wins face-off versus Valtteri Filppula in TEXAS TOROS zone.
15:01 of 3rd period - Shot by Rickard Rakell.
15:01 of 3rd period - Stopped by Mikko Koskinen without a rebound.
15:02 of 3rd period - Pavel Zacha wins face-off versus Denis Malgin in TEXAS TOROS zone.
17:20 of 3rd period - Shot by Jake Virtanen.
17:20 of 3rd period - Stopped by Jonathan Bernier with a rebound.
17:22 of 3rd period - Shot by Jake Virtanen.
17:22 of 3rd period - Stopped by Jonathan Bernier without a rebound.
17:23 of 3rd period - Valtteri Filppula wins face-off versus Adam Erne in PORTLAND PIRATES zone.
17:23 of 3rd period - Tyson Barrie is hit by Rasmus Ristolainen and loses puck.
18:35 of 3rd period - Shot by Rickard Rakell.
18:35 of 3rd period - Stopped by Mikko Koskinen with a rebound.
18:50 of 3rd period - Shot by Brett Connolly.
18:50 of 3rd period - Shot Blocked by Dante Fabbro.
19:09 of 3rd period - Gabriel Landeskog is hit by Thomas Schemitsch.
19:19 of 3rd period - Shot by Jonathan Toews.
19:19 of 3rd period - Shot Misses the Net.
19:21 of 3rd period - Shot by Jonathan Toews.
19:21 of 3rd period - Shot Misses the Net.
19:23 of 3rd period - Shot by Robert Thomas.
19:23 of 3rd period - Shot Blocked by Dante Fabbro.
19:25 of 3rd period - Shot by Alec Martinez.
19:25 of 3rd period - Stopped by Mikko Koskinen without a rebound.
19:26 of 3rd period - Chandler Stephenson wins face-off versus Denis Malgin in TEXAS TOROS zone.
19:44 of 3rd period - Icing by Brett Pesce.
19:45 of 3rd period - Valtteri Filppula wins face-off versus Chandler Stephenson in PORTLAND PIRATES zone.
19:50 of 3rd period - Shot by Jake Virtanen.
19:50 of 3rd period - Stopped by Jonathan Bernier without a rebound.
19:51 of 3rd period - Pavel Zacha wins face-off versus Valtteri Filppula in PORTLAND PIRATES zone.
19:51 of 3rd period - Pavel Zacha is hit by Jake Virtanen.
Goals for this period are 0 for TEXAS TOROS vs 0 for PORTLAND PIRATES.
Shots for this period are 5 for TEXAS TOROS vs 7 for PORTLAND PIRATES.


SEBASTIAN
AHO
MARK
SCHEIFELE
JAKE
OETTINGER

EAST COAST

HOCKEY LEAGUE

  • 17.QUE3CHI2
  • 18.CHA2LIM4
  • 19.TRV3LON2
  • 20.CHW1BAL2
  • 21.PITMAN
  • 22.ATLNHW
  • 23.WORPET
  • 24.RHI